 Dungeon Crawl Stone Soup version 0.31-a0-176-g91f28db67f (webtiles) character file.

Game seed: 14660442801636498193

81 qw the Shooter (level 4, -12/39 HPs)
             Began as a Naga Hunter on June 17, 2023.
             Mangled by an ogre
             ... wielding a +0 giant club
              (19 damage)
             ... on level 3 of the Dungeon.
             The game lasted 00:00:31 (1249 turns).

qw the Shooter (Naga Hunter)                        Turns: 1249, Time: 00:00:31

Health: -12/39     AC:  2    Str: 14    XL:     4   Next: 40%
Magic:  4/4        EV:  9    Int:  9    God:
Gold:   64         SH:  0    Dex: 16    Spells: 3/3 levels left

rFire   . . .        Y - +1 shortbow
rCold   . . .        (shield currently unavailable)
rNeg    . . .        c - +0 leather armour
rPois   +            (no helmet)
rElec   .            (no cloak)
rCorr   .            (no gloves)
SInv    +            (no barding)
Will    .....        (no amulet)
Stlth   ++           (no ring)
HPRegen 0.26/turn    (no ring)
MPRegen 0.09/turn

%: no passive effects
@: very slow
A: AC +1, large, see invisible, deformed body, poison resistance, slowness 2,
spit poison 1, naga tail 1
a: Spit Poison


You were on level 3 of the Dungeon.
You visited 1 branch of the dungeon, and saw 3 of its levels.

You collected 64 gold pieces.


Innate Abilities, Weirdness & Mutations

Your serpentine skin is tough. (AC +1)
You have supernaturally acute eyesight. (SInv)
Armour fits poorly on your strangely shaped body.
Your system is resistant to poisons. (rPois)
You cover ground very slowly.
You can spit poison.
You have a snake-like lower body.


   Skills:
 + Level 2.0 Fighting
 - Level 5.2 Ranged Weapons
 - Level 1.5 Dodging
 - Level 1.5 Stealth


You had 3 spell levels left.
You didn't know any spells.
Your spell library was empty.

Inventory:

Hand Weapons
 Y - a +1 shortbow (weapon)
Armour
 c - a +0 leather armour (worn)
Scrolls
 b - a scroll of silence {unknown}
Potions
 a - a potion of magic {unknown}
 d - a potion of might {unknown}
 e - a potion of haste {unknown}
 f - a potion of lignification {unknown}
 g - a potion of curing {unknown}
 h - a potion of resistance {unknown}
 i - a potion of degeneration {unknown}
 k - a potion of enlightenment {unknown}

Dungeon Overview and Level Annotations

Branches:
Dungeon (3/15)

Altars:

Shops:
D:1 (


Message History

Enter note: A goblin comes into view. It is wielding a +0 club.
Enter note: You shoot an arrow.
The arrow hits the goblin.
You kill the goblin!
Found an escape hatch in the ceiling.
Enter note:
Found 4 stones.
Enter note:
Found a stone staircase leading up.
Enter note:
Enter note:
Found 5 stones.
Enter note:
Enter note:
There is a stone staircase leading up here.
You see here 5 stones.
An ogre comes into view. It is wielding a +0 giant club.
Enter note:
Enter note: You shoot an arrow.
The arrow hits the ogre!
The ogre shouts!
The ogre is moderately wounded.
You shoot an arrow. The arrow hits the ogre.
The ogre is heavily wounded.
1245 ||| INVOKING Spit Poison.
Aiming: Spit Poison (1% risk of failure)
Press: ? - help, Shift-Dir - straight line, f/p - ogre The splash of poison misses the ogre.
You shoot an arrow. The arrow hits the ogre.
The ogre is heavily wounded.
You shoot an arrow. The arrow barely misses the ogre.
You shoot an arrow. The arrow hits the ogre.
The ogre is severely wounded.
The ogre hits you with a +0 giant club!!
Ouch! That really hurt!
You shoot an arrow. The arrow closely misses the ogre.
You have got your breath back.
The ogre hits you with a +0 giant club!!
You die...

#.# #.# #.# #.#
.# ###.## #.#
#.... ..# #.#O#
#.# #.#@#
##.#######
#.#.###<........
#.#(.<.......#
####.#####....#.#
#..............#
#.##.######...#.#
#.##.# #...# #
#..#.######...#
#.#.......).....


You could see an ogre.

Vanquished Creatures
  An orc priest (D:3)
  An adder (D:2)
  A worm (D:3)
  6 orcs (D:3)
  3 ball pythons
  2 endoplasms (D:1)
  A giant cockroach (D:1)
  6 goblins
  3 hobgoblins
  A quokka (D:3)
  5 bats (D:1)
  A kobold (D:1)
  3 rats
34 creatures vanquished.

Notes
Turn   | Place    | Note
-------+----------+-------------------------------------------
     0 | D:1      | qw the Naga Hunter began the quest for the Orb.
     0 | D:1      | Reached XP level 1. HP: 19/19 MP: 1/1
     0 | D:1      | 0 ||| qw: Version: 0.3-a-5-g6f28e65
     0 | D:1      | 0 ||| qw: Game counter: 458
     0 | D:1      | 0 ||| qw: Always use a shield: true
     0 | D:1      | 0 ||| qw: God list: Okawaru
     0 | D:1      | 0 ||| qw: Allow faded altars: false
     0 | D:1      | 0 ||| qw: Do Orc after D:15 true
     0 | D:1      | 0 ||| qw: Do second Lair branch before Depths: true
     0 | D:1      | 0 ||| qw: Lair rune preference: random
     0 | D:1      | 0 ||| qw: Plans: Normal
     0 | D:1      | 0 ||| PLANNING D:1-11
    14 | D:1      | 14 ||| INVOKING Spit Poison.
    16 | D:1      | 16 ||| INVOKING Spit Poison.
    84 | D:1      | 84 ||| INVOKING Spit Poison.
   126 | D:1      | 126 ||| INVOKING Spit Poison.
   141 | D:1      | Found Kyzoxu's Weapon Boutique.
   171 | D:1      | 171 ||| INVOKING Spit Poison.
   174 | D:1      | 174 ||| INVOKING Spit Poison.
   180 | D:1      | 180 ||| INVOKING Spit Poison.
   183 | D:1      | Reached skill level 4 in Ranged Weapons
   183 | D:1      | Reached XP level 2. HP: 12/26 MP: 2/2
   189 | D:1      | 189 ||| INVOKING Spit Poison.
   316 | D:1      | 316 ||| INVOKING Spit Poison.
   344 | D:1      | 344 ||| INVOKING Spit Poison.
   350 | D:1      | 350 ||| INVOKING Spit Poison.
   351 | D:1      | 351 ||| INVOKING Spit Poison.
   398 | D:1      | 398 ||| INVOKING Spit Poison.
   415 | D:1      | 415 ||| INVOKING Spit Poison.
   421 | D:1      | 421 ||| INVOKING Spit Poison.
   502 | D:1      | 502 ||| SHOPLISTING +0 heavy orcbow (116 gold, have 21).
   502 | D:1      | 502 ||| SHOPLISTING +2 orcbow of freezing (256 gold, have
                  | 21).
   502 | D:1      | 502 ||| SHOPLISTING +3 sling of flaming (275 gold, have
                  | 21).
   550 | D:1      | 550 ||| READING scroll labelled CUMISESKET.
   551 | D:1      | 551 ||| READING scroll labelled COGYOS IKKAHIU.
   552 | D:1      | 552 ||| READING scroll labelled TILEXA ODAR.
   553 | D:1      | 553 ||| DROPPING scroll of butterflies.
   580 | D:2      | Found a faded altar of an unknown god.
   581 | D:2      | Noticed a floating eye
   584 | D:2      | Noticed a great orb of eyes
   584 | D:2      | Noticed a great orb of eyes
   584 | D:2      | Noticed a golden eye
   644 | D:2      | 644 ||| INVOKING Spit Poison.
   682 | D:2      | 682 ||| INVOKING Spit Poison.
   699 | D:2      | 699 ||| INVOKING Spit Poison.
   735 | D:2      | 735 ||| INVOKING Spit Poison.
   739 | D:2      | 739 ||| INVOKING Spit Poison.
   740 | D:2      | Reached XP level 3. HP: 31/32 MP: 3/3
   902 | D:2      | 902 ||| READING scroll labelled LOUBRAATHI.
   903 | D:2      | 903 ||| READING scroll labelled MOMEROVV HOUT.
   929 | D:3      | 929 ||| INVOKING Spit Poison.
   935 | D:3      | 935 ||| INVOKING Spit Poison.
   940 | D:3      | 940 ||| INVOKING Spit Poison.
   946 | D:3      | 946 ||| INVOKING Spit Poison.
  1058 | D:3      | 1058 ||| INVOKING Spit Poison.
  1090 | D:3      | 1090 ||| INVOKING Spit Poison.
  1097 | D:3      | 1097 ||| INVOKING Spit Poison.
  1100 | D:3      | Reached skill level 5 in Ranged Weapons
  1100 | D:3      | Reached XP level 4. HP: 13/39 MP: 4/4
  1242 | D:3      | Noticed an ogre
  1245 | D:3      | 1245 ||| INVOKING Spit Poison.
  1248 | D:3      | HP: 7/39 [ogre/+0 giant club (32)]
  1249 | D:3      | Mangled by an ogre

Levels and vault maps discovered:
D:1:      dpeg_arrival_round_b, layout_basic, serial_shops,
          nicolae_shop_window_shopping
D:2:      layout_rooms, hellmonk_ecumenical_altar_watching_god
D:3:      layout_loops_ring, uniq_jessica, uniq_natasha

Skill      XL: |  1  2  3 |
---------------+----------+-----
Ranged Weapons | 4 5 |  5.2
Fighting       | |  2.0
Dodging        | |  1.5
Stealth        | |  1.5

Action                     |  1- 3 |  4- 6 || total
---------------------------+-------+-------++-------
   Fire: Shortbow          |    69 |     7 ||    76
Ability: Spit Poison       |    25 |     1 ||    26
    Use: Scroll            |     5 |       ||     5
 Armour: Leather armour    |     9 |       ||     9
  Dodge: Dodged            |    17 |       ||    17

Table legend:
 A = Non-vault XP
 B = Vault XP
 C = Vault XP percentage of total XP
 D = Non-vault monster count
 E = Vault monster count
 F = Vault count percentage of total count
                 A         B        C        D         E       F
            +---------+---------+-------+---------+---------+-------
      Total |     116 |       0 |   0.0 |      34 |       0 |   0.0
            +---------+---------+-------+---------+---------+-------
        D:1 |      28 |       0 |   0.0 |      18 |       0 |   0.0
        D:2 |      18 |       0 |   0.0 |       4 |       0 |   0.0
        D:3 |      70 |       0 |   0.0 |      12 |       0 |   0.0
            +---------+---------+-------+---------+---------+-------
